 Dungeon Crawl Stone Soup version 0.31-a0-636-ge1c0e020e0 (webtiles) character file.

Game seed: 15020606804509090985

25 Descartes the Sneak (level 2, -1/14 HPs)
             Began as a Felid Delver on Aug 26, 2023.
             Slain by a gnoll
             ... wielding a +1 vampiric whip
             ... led by a gnoll bouda
              (8 damage)
             ... on level 5 of the Dungeon.
             The game lasted 00:00:33 (66 turns).

Descartes the Sneak (Felid Delver)                    Turns: 66, Time: 00:00:34

Health: -1/14      AC:  1    Str:  8    XL:     2   Next: 86%
Magic:  3/3        EV: 18    Int: 11    God:
Gold:   0          SH:  0    Dex: 17    Spells: 1/1 levels left
                                        Lives:  0   Deaths: 1

rFire   . .          .
                       - Unarmed
rCold   . . .        (shield unavailable)
rNeg    . . .        (body armour unavailable)
rPois   .            (helmet unavailable)
rElec   .            (cloak unavailable)
rCorr   .            (gloves unavailable)
SInv    +            (boots unavailable)
Will    .....        (no amulet)
Stlth   ++++         (no ring)
HPRegen 0.22/turn    (no ring)
MPRegen 0.08/turn

%: no passive effects
@: quick
A: very small, claws 1, fangs 3, see invisible, speed 1, shaggy fur 1, stealthy
paws, no weapons or thrown items, no armour, multi-lived
a: no special abilities


You were on level 5 of the Dungeon.
You visited 1 branch of the dungeon, and saw 1 of its levels.

Inventory:

Wands
 e - a wand of digging (3)
Scrolls
 a - a scroll of fog
 b - a scroll of revelation
 c - a scroll of fear
Potions
 d - a potion of haste


   Skills:
 * Level 3.3 Fighting
 + Level 3.0 Dodging
 * Level 6.9 Stealth
 + Level 2.2 Unarmed Combat
 + Level 0.7 Shapeshifting


You had one spell level left.
You didn't know any spells.
Your spell library was empty.

Dungeon Overview and Level Annotations

Branches:
Dungeon (5/15)
 Temple: D:4-7

Altars:

Annotations:
D:5 Dowan, Duvessa


Innate Abilities, Weirdness & Mutations

You have sharp claws.
You have razor-sharp teeth.
You have supernaturally acute eyesight. (SInv)
You cover ground quickly. (Speed+)
You are covered in fur. (AC +1)
Your paws help you pounce on unaware monsters.
You are incapable of wielding weapons or throwing items.
You cannot wear armour.
You gain extra lives every three experience levels.


Message History

Ouch! That really hurt!
You die...
You rejoin the land of the living...
An iguana comes into view.
Found 11 gold pieces.
You pounce on the unaware helpless iguana!
You mangle the iguana!!
You kill the iguana!
Your Dodging skill increases to level 3!
You have reached level 2!
Found a chain mail.
You see here an iguana corpse. 2 orcs come into view.
The orc shouts! x2; You hear a shout!
An orc comes into view. It is wielding a +0 falchion.
The orc moves out of view.
An orc wizard comes into view. It is wielding a +0 dagger.
An orc comes into view. It is wielding a +0 war axe.
The orc wizard moves out of view. 2 gnolls come into view.
Found a long sword.
A gnoll bouda comes into view. It is wielding a +0 whip.
A gnoll comes into view. It is wielding a +0 spear.
The gnoll shouts! x2
The gnoll bouda barks out a call to the hunt!
The gnolls pick up the pace!
The gnoll misses you.
You hear a shout!
A gnoll and a jelly come into view.
The gnoll is wielding a +1 vampiric whip.
The jelly jiggles.
The gnoll barely misses you. The gnoll closely misses you.
The gnoll hits you with a +0 spear!
Ouch! That really hurt!
You see here a +0 long sword.
The gnoll misses you. The gnoll attacks as it pursues you!
The gnoll hits you with a +1 vampiric whip!
Ouch! That really hurt!
You die...

# .####.# # # #o#
# #.## $......
#..# ......# ##.#
......# #.# ####
......#
####.#.....
..$....
#######..)gJ......
......#
.......@gg.....###
[.....#
#######..gg...#8..
#.......# ..
#.......#
#####.#.# .#.+ .#
#


You could see a gnoll bouda, a jelly and 4 gnolls.

Vanquished Creatures
  An iguana (D:5)
1 creature vanquished.

Notes
Turn   | Place    | Note
-------+----------+-------------------------------------------
     0 | D:5      | Descartes the Felid Delver began the quest for the Orb.
     0 | D:5      | Reached XP level 1. HP: 10/10 MP: 2/2
     2 | D:5      | Noticed Dowan
     5 | D:5      | Noticed Duvessa
     7 | D:5      | Killed from afar by Dowan
    15 | D:5      | Noticed an iguana
    21 | D:5      | Killed an iguana
    22 | D:5      | Reached XP level 2. HP: 14/14 MP: 3/3
    66 | D:5      | Slain by a gnoll

Illustrated notes

Levels and vault maps discovered:
D:5:      layout_rooms, minivault_1, uniq_duvessa

Skill      XL: |  1 |
---------------+----+-----
Dodging        | 3 |  3.0
Fighting       | |  3.3
Stealth        | |  6.9
Unarmed Combat | |  2.2
Shapeshifting  | |  0.7

Action                     || total
---------------------------++-------
  Melee: Unarmed           ||     1
   Stab: Sleeping          ||     1
  Dodge: Dodged            ||     4

Table legend: (Time is in decaauts)
 A = Elapsed time spent in this place.
 B = Non-inter-level travel time spent in this place.
 C = Inter-level travel time spent in this place.
 D = Time resting spent in this place.
 E = Time spent auto-exploring this place.
 F = Levels seen in this place.
 G = Mean time per level.
                   A        B        C        D        E       F      G
               +--------+--------+--------+--------+--------+-----+--------+
         Total |     52 |     52 |      0 |      0 |     12 |   1 |   52.0 |
       Dungeon |     52 |     52 |      0 |      0 |     12 |   1 |   52.0 |
               +--------+--------+--------+--------+--------+-----+--------+

Top non-repeatable levels by time:
     D:5: 52 daAuts
